Penguins vs Panthers

Created - February 28, 2017 at 18:17

Goals
1 2 3 T
Penguins 2 0 0 2
Panthers 1 0 0 1
Shots
1 2 3 T
Penguins 11 6 8 25
Panthers 8 14 4 26

1st period

1. Panthers , Joe Thornton 11 (Vladimir Tarasenko, Pavel Datsyuk) at 6:58
2. Penguins , Ryan Callahan 14 (Luke Glendening, Olli Maatta) at 11:02
3. Penguins , Victor Hedman 9 (Ryan Suter, William Nylander) at 13:29 (PP)

Penalties :
Justin Braun (FLA) for Hooking (Minor) at 11:38, Vladimir Tarasenko (FLA) for Tripping (Minor) at 17:06, Luke Glendening (PIT) for Roughing (Minor) at 19:13

2nd period

No Goal

Penalties :
Mark Barberio (PIT) for Roughing (Minor) at 8:36, David Savard (PIT) for Roughing (Minor) at 12:56

3rd period

No Goal

Penalties :
Vladimir Tarasenko (FLA) for Delaying the game (Minor) at 4:08, Ryan Suter (PIT) for Hooking (Minor) at 4:08

Goalie Stats

Ryan Miller (PIT), 25 saves from 26 shots - (0.962), W, 19-23-3, 60:00 minutes
Marc-Andre Fleury (FLA), 23 saves from 25 shots - (0.920), L, 34-19-3, 60:00 minutes

Players Stats for Penguins

Player Name              G  A  P  +/- PIM S  H  SB GA TA FO     MP     PP MP  PK MP  
------------------------------------------------------------------------------------
Alexander Wennberg       0  0  0   0  0   1  0  0  0  0  8/22   18:18   2:02   0:00 
Brandon Saad             0  0  0   0  0   1  1  0  0  0  1/2    18:47   1:48   0:12 
Daniel Paille            0  0  0   0  0   2  0  1  0  0  0/0     6:08   0:00   1:30 
David Perron             0  0  0   0  0   2  2  1  0  0  0/3    15:54   0:00   4:15 
David Savard             0  0  0   0  2   0  0  1  0  0  0/0    21:37   2:05   2:03 
Jacob De La Rose         0  0  0   0  0   1  0  0  0  0  5/6     6:12   0:00   1:34 
Jakub Voracek            0  0  0   0  0   1  1  1  0  0  0/0    19:16   1:48   0:00 
Luke Glendening          0  1  1   0  2   3  0  0  0  0  8/17   14:36   0:00   2:33 
Mark Barberio            0  0  0   1  2   0  1  1  0  0  0/0    14:50   0:00   0:34 
Mark Giordano            0  0  0   0  0   0  1  2  0  0  0/0    21:03   2:05   3:20 
Nathan MacKinnon         0  0  0   0  0   3  0  0  0  0  1/1    18:50   2:02   0:20 
Oliver Bjorkstrand       0  0  0   0  0   0  0  0  0  0  1/1     4:38   0:00   0:00 
Olli Maatta              0  1  1   1  0   0  1  3  0  0  0/0    14:17   0:00   0:00 
Phil Kessel              0  0  0   0  0   1  0  0  0  0  0/0    18:05   2:02   0:00 
Ryan Callahan            1  0  1   0  0   1  1  0  0  0  2/4    13:09   0:00   1:30 
Ryan Suter               0  1  1  -1  2   1  2  1  0  0  0/0    24:12   1:45   3:03 
Victor Hedman            1  0  1  -1  0   5  2  1  0  0  0/0    23:58   1:45   2:54 
William Nylander         0  1  1   0  0   3  1  1  0  0  15/22  18:10   1:48   0:00 

Players Stats for Panthers

Player Name              G  A  P  +/- PIM S  H  SB GA TA FO     MP     PP MP  PK MP  
------------------------------------------------------------------------------------
Alex Tanguay             0  0  0   0  0   1  0  0  0  0  1/1    16:04   1:45   1:04 
Artem Anisimov           0  0  0   0  0   0  0  0  0  0  6/14   11:27   0:00   2:09 
Danny DeKeyser           0  0  0   1  0   0  2  4  0  0  0/0    20:36   2:37   1:05 
Jacob Trouba             0  0  0   1  0   0  4  0  0  0  0/0    21:55   3:20   1:41 
Jesper Fast              0  0  0   0  0   3  1  0  0  0  1/2    20:48   0:00   1:41 
Joe Thornton             1  0  1   1  0   1  3  0  0  0  11/24  19:12   3:03   0:00 
Joe Vitale               0  0  0   0  0   0  0  0  0  0  0/0     0:00   0:00   0:00 
Justin Braun             0  0  0   0  2   1  2  2  0  0  0/0    19:12   0:00   1:04 
Matt Duchene             0  0  0  -1  0   3  0  0  0  0  10/20  21:07   2:54   1:41 
Mikkel Boedker           0  0  0  -1  0   4  1  0  0  0  0/1    18:06   4:12   0:00 
Nikolaj Ehlers           0  0  0  -1  0   3  1  0  0  0  1/1    21:52   2:54   0:00 
Patrick Kane             0  0  0   0  0   0  0  0  0  0  5/12   11:08   0:00   0:00 
Pavel Datsyuk            0  1  1   1  0   2  0  0  0  0  1/1     5:03   0:00   1:05 
Reid Boucher             0  0  0   0  0   0  0  0  0  0  1/1    11:08   0:00   0:00 
T.J. Brodie              0  0  0   0  0   2  0  1  0  0  0/0    23:38   3:20   2:09 
Trevor van Riemsdyk      0  0  0  -1  0   1  0  1  0  0  0/0    15:10   0:00   0:00 
Tyler Myers              0  0  0  -1  0   1  1  2  0  0  0/0    19:28   2:37   1:41 
Vladimir Tarasenko       0  1  1   1  4   4  2  0  0  0  0/1    18:14   3:03   0:00 

3 Stars

1 - Ryan Miller (PIT)
2 - Joe Thornton (FLA)
3 - Ryan Callahan (PIT)

Power Play

Penguins - 1 on 2 Attempt(s) - 50.00%
Panthers - 0 on 3 Attempt(s) - 0.00%

Penalty Kill

Penguins - 3 on 3 Attempt(s) - 100.00% - Score 0 goal in Penalty Kill
Panthers - 1 on 2 Attempt(s) - 50.00% - Score 0 goal in Penalty Kill

Team Stat

Penguins - Hits : 13 - Faceoff Wins : 41 - Blocked Shots : 13 - Penalty Minutes : 8
Panthers - Hits : 17 - Faceoff Wins : 37 - Blocked Shots : 10 - Penalty Minutes : 6

Official

Referees : Jacob Brenk and Brad Meier
Linesman : Mike Cvik and Tim Nowak

Game Notes

Pavel Datsyuk is injured at 15:19 of 1st period (Torso)

Finance

Level 1 -- Attendance: 5855 (97.58%) -- Ticket Income $626,485
Level 2 -- Attendance: 4492 (89.84%) -- Ticket Income $336,900
Level 3 -- Attendance: 2895 (82.71%) -- Ticket Income $141,855
Level 4 -- Attendance: 2767 (73.79%) -- Ticket Income $63,641
Luxury Box -- Attendance: 985 (98.50%) -- Ticket Income $199,955
Game was played at the BBT Center.
Total Attendance: 16994 (88.28%)
Total Ticket Income: $1,368,836
Other Income: $205,325
Total Income: $1,574,161

% Time on Ice - Penguins

Lines # - Real PCT - Wanted PCT - Time Play
Normal Forward
1 - 32% - 33% - 15:10
2 - 34% - 33% - 16:22
3 - 24% - 23% - 11:39
4 - 10% - 11% - 4:38
Normal Defense
1 - 38% - 40% - 18:01
2 - 33% - 35% - 15:38
3 - 28% - 25% - 13:11
4 - 2% - 0% - 0:59
PP Forward
1 - 53% - 60% - 2:02
2 - 47% - 40% - 1:48
PP Defense
1 - 46% - 60% - 1:45
2 - 54% - 40% - 2:05
PK Forward
1 - 75% - 60% - 4:27
2 - 25% - 40% - 1:30
PK Defense
1 - 49% - 60% - 2:54
2 - 51% - 40% - 3:03
PK3 Forward
1 - 0% - 60%
2 - 0% - 40%
PK3 Defense
1 - 0% - 60%
2 - 0% - 40%
44 Forward
1 - 45% - 60% - 0:53
2 - 55% - 40% - 1:06
44 Defense
1 - 100% - 60% - 1:59
2 - 0% - 40% - 0:00
Last Minute Offensive  - 0:00
Last Minute Defensive  - 0:25
Total
Forward - 60:00
Defense - 60:00

% Time on Ice - Panthers

Lines # - Real PCT - Wanted PCT - Time Play
Normal Forward
1 - 29% - 37% - 13:54
2 - 32% - 33% - 15:13
3 - 17% - 25% - 7:59
4 - 23% - 5% - 11:08
Normal Defense
1 - 36% - 40% - 17:17
2 - 33% - 35% - 15:47
3 - 30% - 25% - 14:33
4 - 1% - 0% - 0:37
PP Forward
1 - 49% - 50% - 2:54
2 - 51% - 50% - 3:03
PP Defense
1 - 56% - 60% - 3:20
2 - 44% - 40% - 2:37
PK Forward
1 - 44% - 50% - 1:41
2 - 56% - 50% - 2:09
PK Defense
1 - 44% - 60% - 1:41
2 - 56% - 40% - 2:09
PK3 Forward
1 - 0% - 60%
2 - 0% - 40%
PK3 Defense
1 - 0% - 60%
2 - 0% - 40%
44 Forward
1 - 100% - 60% - 1:59
2 - 0% - 40% - 0:00
44 Defense
1 - 56% - 60% - 1:07
2 - 44% - 40% - 0:52
Last Minute Offensive  - 0:00
Last Minute Defensive  - 0:00
Total
Forward - 60:00
Defense - 60:00

Play by Play

1st period


0:01 of 1st period - Alexander Wennberg wins face-off versus Matt Duchene in neutral zone.
0:04 of 1st period - Shot by Nathan MacKinnon.
0:04 of 1st period - Stopped by Marc-Andre Fleury without a rebound.
0:05 of 1st period - William Nylander wins face-off versus Joe Thornton in Panthers zone.
0:14 of 1st period - Shot by Pavel Datsyuk.
0:14 of 1st period - Stopped by Ryan Miller without a rebound.
0:15 of 1st period - Luke Glendening wins face-off versus Artem Anisimov in Penguins zone.
0:30 of 1st period - Shot by Artem Anisimov.
0:30 of 1st period - Shot Misses the Net.
1:25 of 1st period - Ryan Suter is hit by Nikolaj Ehlers and loses puck.
2:38 of 1st period - Shot by Pavel Datsyuk.
2:38 of 1st period - Shot Misses the Net.
3:20 of 1st period - Shot by Tyler Myers.
3:20 of 1st period - Shot Blocked by William Nylander.
3:22 of 1st period - Shot by Jesper Fast.
3:22 of 1st period - Stopped by Ryan Miller without a rebound.
3:23 of 1st period - Jacob De La Rose wins face-off versus Artem Anisimov in Penguins zone.
3:36 of 1st period - Shot by Oliver Bjorkstrand.
3:36 of 1st period - Shot Blocked by Tyler Myers.
3:43 of 1st period - Shot by Alex Tanguay.
3:43 of 1st period - Shot Misses the Net.
3:59 of 1st period - Icing by Victor Hedman.
4:00 of 1st period - Jacob De La Rose wins face-off versus Joe Thornton in Penguins zone.
4:09 of 1st period - Shot by Vladimir Tarasenko.
4:09 of 1st period - Stopped by Ryan Miller with a rebound.
4:20 of 1st period - Icing by Ryan Suter.
4:21 of 1st period - Matt Duchene wins face-off versus Jacob De La Rose in Penguins zone.
4:26 of 1st period - Shot by Nikolaj Ehlers.
4:26 of 1st period - Shot Blocked by Victor Hedman.
5:32 of 1st period - Icing by David Savard.
5:33 of 1st period - Patrick Kane wins face-off versus Alexander Wennberg in Penguins zone.
6:58 of 1st period - Shot by Joe Thornton.
6:58 of 1st period - Goal by Joe Thornton - Penguins : 0 - Panthers : 1.
6:59 of 1st period - Oliver Bjorkstrand wins face-off versus Matt Duchene in neutral zone.
7:19 of 1st period - Off-side.
7:20 of 1st period - Joe Thornton wins face-off versus Alexander Wennberg in neutral zone.
7:23 of 1st period - Shot by Vladimir Tarasenko.
7:23 of 1st period - Shot Blocked by Ryan Suter.
7:34 of 1st period - Alexander Wennberg is hit by Jacob Trouba and loses puck.
8:24 of 1st period - Icing by David Savard.
8:25 of 1st period - Artem Anisimov wins face-off versus William Nylander in Penguins zone.
8:58 of 1st period - Shot by Jesper Fast.
8:58 of 1st period - Shot Misses the Net.
9:45 of 1st period - Shot by Luke Glendening.
9:45 of 1st period - Stopped by Marc-Andre Fleury without a rebound.
9:46 of 1st period - Alexander Wennberg wins face-off versus Matt Duchene in Panthers zone.
9:59 of 1st period - Shot by Nikolaj Ehlers.
9:59 of 1st period - Shot Misses the Net.
11:02 of 1st period - Shot by Luke Glendening.
11:02 of 1st period - Deflect By Ryan Callahan.
11:02 of 1st period - Goal by Ryan Callahan - Penguins : 1 - Panthers : 1.
11:03 of 1st period - Brandon Saad wins face-off versus Joe Thornton in neutral zone.
11:18 of 1st period - Shot by William Nylander.
11:18 of 1st period - Stopped by Marc-Andre Fleury without a rebound.
11:19 of 1st period - Luke Glendening wins face-off versus Artem Anisimov in Panthers zone.
11:38 of 1st period - Minor Penalty to Justin Braun for Hooking.
11:39 of 1st period - William Nylander wins face-off versus Artem Anisimov in Panthers zone.
12:08 of 1st period - Shot by William Nylander.
12:08 of 1st period - Stopped by Marc-Andre Fleury without a rebound.
12:09 of 1st period - Matt Duchene wins face-off versus Alexander Wennberg in Panthers zone.
12:22 of 1st period - Shot by Ryan Suter.
12:22 of 1st period - Shot Hit the Post.
12:24 of 1st period - Shot by Victor Hedman.
12:24 of 1st period - Stopped by Marc-Andre Fleury without a rebound.
12:25 of 1st period - William Nylander wins face-off versus Artem Anisimov in Panthers zone.
12:42 of 1st period - Shot by Victor Hedman.
12:42 of 1st period - Stopped by Marc-Andre Fleury without a rebound.
12:43 of 1st period - Matt Duchene wins face-off versus Alexander Wennberg in Panthers zone.
12:51 of 1st period - Icing by Phil Kessel.
12:52 of 1st period - Jesper Fast wins face-off versus Alexander Wennberg in Penguins zone.
12:59 of 1st period - Shot by Matt Duchene.
12:59 of 1st period - Deflect By Jesper Fast.
12:59 of 1st period - Shot Hit the Post.
13:23 of 1st period - Off-side.
13:24 of 1st period - William Nylander wins face-off versus Artem Anisimov in neutral zone.
13:27 of 1st period - Shot by Ryan Suter.
13:27 of 1st period - Shot Misses the Net.
13:29 of 1st period - Shot by Victor Hedman.
13:29 of 1st period - Goal by Victor Hedman - Penguins : 2 - Panthers : 1.
13:30 of 1st period - Pavel Datsyuk wins face-off versus William Nylander in neutral zone.
13:36 of 1st period - Off-side.
13:37 of 1st period - William Nylander wins face-off versus Matt Duchene in neutral zone.
13:40 of 1st period - Mikkel Boedker is hit by Jakub Voracek and loses puck.
13:45 of 1st period - Shot by William Nylander.
13:45 of 1st period - Shot Misses the Net.
14:19 of 1st period - Icing by Mark Giordano.
14:20 of 1st period - William Nylander wins face-off versus Joe Thornton in Penguins zone.
14:20 of 1st period - David Savard is hit by Vladimir Tarasenko and loses puck.
14:25 of 1st period - Shot by Joe Thornton.
14:25 of 1st period - Deflect By Vladimir Tarasenko.
14:25 of 1st period - Stopped by Ryan Miller with a rebound.
14:32 of 1st period - Shot by Pavel Datsyuk.
14:32 of 1st period - Stopped by Ryan Miller without a rebound.
14:33 of 1st period - Alexander Wennberg wins face-off versus Jesper Fast in Penguins zone.
15:13 of 1st period - Shot by Phil Kessel.
15:13 of 1st period - Stopped by Marc-Andre Fleury without a rebound.
15:14 of 1st period - Joe Thornton wins face-off versus Luke Glendening in Panthers zone.
15:18 of 1st period - Pavel Datsyuk is hit by Olli Maatta and loses puck.
15:19 of 1st period - Pavel Datsyuk from Panthers is injured at 15:19 of 1st period (Torso).
15:20 of 1st period - Joe Thornton wins face-off versus Luke Glendening in Penguins zone.
15:23 of 1st period - Shot by Vladimir Tarasenko.
15:23 of 1st period - Shot Blocked by Olli Maatta.
15:59 of 1st period - Shot by David Perron.
15:59 of 1st period - Stopped by Marc-Andre Fleury without a rebound.
16:00 of 1st period - Artem Anisimov wins face-off versus Alexander Wennberg in Panthers zone.
16:23 of 1st period - Shot by Alexander Wennberg.
16:23 of 1st period - Shot Blocked by Justin Braun.
16:25 of 1st period - Shot by Phil Kessel.
16:25 of 1st period - Shot Misses the Net.
16:27 of 1st period - Shot by Victor Hedman.
16:27 of 1st period - Stopped by Marc-Andre Fleury without a rebound.
16:28 of 1st period - William Nylander wins face-off versus Mikkel Boedker in Panthers zone.
16:37 of 1st period - Mark Giordano is hit by Mikkel Boedker and loses puck.
17:00 of 1st period - Shot by Matt Duchene.
17:00 of 1st period - Stopped by Ryan Miller with a rebound.
17:02 of 1st period - Shot by Tyler Myers.
17:02 of 1st period - Stopped by Ryan Miller without a rebound.
17:03 of 1st period - Alexander Wennberg wins face-off versus Joe Thornton in Penguins zone.
17:03 of 1st period - Alexander Wennberg is hit by Joe Thornton.
17:06 of 1st period - Minor Penalty to Vladimir Tarasenko for Tripping.
17:07 of 1st period - Artem Anisimov wins face-off versus Alexander Wennberg in Panthers zone.
17:50 of 1st period - Shot by Ryan Suter.
17:50 of 1st period - Shot Misses the Net.
17:52 of 1st period - Shot by Victor Hedman.
17:52 of 1st period - Deflect By Alexander Wennberg.
17:52 of 1st period - Shot Misses the Net.
19:13 of 1st period - Minor Penalty to Luke Glendening for Roughing.
19:14 of 1st period - Jacob De La Rose wins face-off versus Joe Thornton in Penguins zone.
19:53 of 1st period - Shot by Vladimir Tarasenko.
19:53 of 1st period - Shot Misses the Net.
19:55 of 1st period - Shot by Vladimir Tarasenko.
19:55 of 1st period - Shot Blocked by David Perron.
Goals for this period are 2 for Penguins vs 1 for Panthers.
Shots for this period are 11 for Penguins vs 8 for Panthers.

2nd period


0:01 of 2nd period - Jacob De La Rose wins face-off versus Matt Duchene in neutral zone.
0:10 of 2nd period - Mikkel Boedker is hit by David Perron.
1:26 of 2nd period - Shot by Reid Boucher.
1:26 of 2nd period - Shot Blocked by Mark Barberio.
3:19 of 2nd period - Shot by Daniel Paille.
3:19 of 2nd period - Stopped by Marc-Andre Fleury without a rebound.
3:20 of 2nd period - Joe Thornton wins face-off versus Luke Glendening in Panthers zone.
3:42 of 2nd period - Shot by David Perron.
3:42 of 2nd period - Stopped by Marc-Andre Fleury without a rebound.
3:43 of 2nd period - Artem Anisimov wins face-off versus William Nylander in Panthers zone.
4:01 of 2nd period - Shot by Brandon Saad.
4:01 of 2nd period - Stopped by Marc-Andre Fleury without a rebound.
4:02 of 2nd period - Matt Duchene wins face-off versus Alexander Wennberg in Panthers zone.
4:14 of 2nd period - Icing by Ryan Suter.
4:15 of 2nd period - Alexander Wennberg wins face-off versus Joe Thornton in Penguins zone.
4:15 of 2nd period - Alexander Wennberg is hit by Joe Thornton.
5:19 of 2nd period - Shot by Jesper Fast.
5:19 of 2nd period - Shot Misses the Net.
5:21 of 2nd period - Shot by Jesper Fast.
5:21 of 2nd period - Stopped by Ryan Miller without a rebound.
5:22 of 2nd period - Luke Glendening wins face-off versus Artem Anisimov in Penguins zone.
5:40 of 2nd period - Shot by Alex Tanguay.
5:40 of 2nd period - Stopped by Ryan Miller without a rebound.
5:41 of 2nd period - Patrick Kane wins face-off versus William Nylander in Penguins zone.
6:13 of 2nd period - Mark Giordano is hit by Tyler Myers.
7:01 of 2nd period - Shot by Mikkel Boedker.
7:01 of 2nd period - Stopped by Ryan Miller without a rebound.
7:02 of 2nd period - Alexander Wennberg wins face-off versus Joe Thornton in Penguins zone.
7:35 of 2nd period - Shot by Nathan MacKinnon.
7:35 of 2nd period - Shot Misses the Net.
7:54 of 2nd period - Alex Tanguay is hit by Mark Barberio and loses puck.
8:25 of 2nd period - Shot by Alex Tanguay.
8:25 of 2nd period - Shot Blocked by Olli Maatta.
8:36 of 2nd period - Minor Penalty to Mark Barberio for Roughing.
8:37 of 2nd period - Luke Glendening wins face-off versus Joe Thornton in Penguins zone.
8:59 of 2nd period - Shot by T.J. Brodie.
8:59 of 2nd period - Stopped by Ryan Miller without a rebound.
9:00 of 2nd period - Matt Duchene wins face-off versus Luke Glendening in Penguins zone.
9:19 of 2nd period - Shot by Mikkel Boedker.
9:19 of 2nd period - Shot Misses the Net.
9:21 of 2nd period - Shot by Matt Duchene.
9:21 of 2nd period - Stopped by Ryan Miller without a rebound.
9:22 of 2nd period - Joe Thornton wins face-off versus Ryan Callahan in Penguins zone.
9:25 of 2nd period - Shot by Vladimir Tarasenko.
9:25 of 2nd period - Shot Misses the Net.
11:28 of 2nd period - Off-side.
11:29 of 2nd period - Matt Duchene wins face-off versus Alexander Wennberg in neutral zone.
11:43 of 2nd period - Icing by Nathan MacKinnon.
11:44 of 2nd period - Alexander Wennberg wins face-off versus Joe Thornton in Penguins zone.
11:58 of 2nd period - Ryan Suter is hit by Danny DeKeyser and loses puck.
12:04 of 2nd period - Icing by Joe Thornton.
12:05 of 2nd period - Luke Glendening wins face-off versus Vladimir Tarasenko in Panthers zone.
12:28 of 2nd period - Shot by Luke Glendening.
12:28 of 2nd period - Stopped by Marc-Andre Fleury without a rebound.
12:29 of 2nd period - Artem Anisimov wins face-off versus William Nylander in Panthers zone.
12:29 of 2nd period - Artem Anisimov is hit by Brandon Saad.
12:39 of 2nd period - Shot by Jesper Fast.
12:39 of 2nd period - Shot Blocked by Jakub Voracek.
12:41 of 2nd period - Shot by Justin Braun.
12:41 of 2nd period - Stopped by Ryan Miller without a rebound.
12:42 of 2nd period - Reid Boucher wins face-off versus Luke Glendening in Penguins zone.
12:56 of 2nd period - Minor Penalty to David Savard for Roughing.
12:57 of 2nd period - Matt Duchene wins face-off versus David Perron in Penguins zone.
13:00 of 2nd period - Shot by Nikolaj Ehlers.
13:00 of 2nd period - Stopped by Ryan Miller without a rebound.
13:01 of 2nd period - Matt Duchene wins face-off versus David Perron in Penguins zone.
13:37 of 2nd period - Mikkel Boedker is hit by Mark Giordano and loses puck.
13:40 of 2nd period - Shot by Nikolaj Ehlers.
13:40 of 2nd period - Stopped by Ryan Miller without a rebound.
13:41 of 2nd period - Ryan Callahan wins face-off versus Joe Thornton in Penguins zone.
14:10 of 2nd period - Shot by David Perron.
14:10 of 2nd period - Shot Blocked by Danny DeKeyser.
14:23 of 2nd period - Off-side.
14:24 of 2nd period - Ryan Callahan wins face-off versus Matt Duchene in neutral zone.
14:27 of 2nd period - Mikkel Boedker is hit by Ryan Callahan and loses puck.
14:40 of 2nd period - Shot by Jacob Trouba.
14:40 of 2nd period - Shot Blocked by Daniel Paille.
14:42 of 2nd period - Shot by Jacob Trouba.
14:42 of 2nd period - Shot Misses the Net.
14:44 of 2nd period - Shot by T.J. Brodie.
14:44 of 2nd period - Shot Misses the Net.
14:46 of 2nd period - Shot by T.J. Brodie.
14:46 of 2nd period - Stopped by Ryan Miller without a rebound.
14:47 of 2nd period - Luke Glendening wins face-off versus Joe Thornton in Penguins zone.
15:38 of 2nd period - Icing by David Savard.
15:39 of 2nd period - Matt Duchene wins face-off versus William Nylander in Penguins zone.
16:01 of 2nd period - Justin Braun is hit by David Perron and loses puck.
16:10 of 2nd period - Shot by Ryan Callahan.
16:10 of 2nd period - Shot Misses the Net.
16:16 of 2nd period - Shot by Luke Glendening.
16:16 of 2nd period - Stopped by Marc-Andre Fleury without a rebound.
16:17 of 2nd period - Joe Thornton wins face-off versus Alexander Wennberg in Panthers zone.
16:36 of 2nd period - Icing by Jacob Trouba.
16:37 of 2nd period - Joe Thornton wins face-off versus Luke Glendening in Panthers zone.
17:03 of 2nd period - Shot by Vladimir Tarasenko.
17:03 of 2nd period - Stopped by Ryan Miller without a rebound.
17:04 of 2nd period - Matt Duchene wins face-off versus Alexander Wennberg in Penguins zone.
17:04 of 2nd period - Mikkel Boedker is hit by Ryan Suter and loses puck.
17:13 of 2nd period - Shot by Mikkel Boedker.
17:13 of 2nd period - Stopped by Ryan Miller without a rebound.
17:14 of 2nd period - William Nylander wins face-off versus Matt Duchene in Penguins zone.
17:19 of 2nd period - Shot by Mikkel Boedker.
17:19 of 2nd period - Stopped by Ryan Miller with a rebound.
17:21 of 2nd period - Shot by Matt Duchene.
17:21 of 2nd period - Shot Misses the Net.
17:30 of 2nd period - Off-side.
17:31 of 2nd period - Artem Anisimov wins face-off versus Alexander Wennberg in neutral zone.
17:46 of 2nd period - Shot by Alex Tanguay.
17:46 of 2nd period - Shot Blocked by Mark Giordano.
17:48 of 2nd period - Shot by Artem Anisimov.
17:48 of 2nd period - Shot Misses the Net.
18:12 of 2nd period - Shot by Nathan MacKinnon.
18:12 of 2nd period - Stopped by Marc-Andre Fleury without a rebound.
18:13 of 2nd period - William Nylander wins face-off versus Matt Duchene in Panthers zone.
18:13 of 2nd period - William Nylander is hit by Justin Braun.
18:25 of 2nd period - Shot by Matt Duchene.
18:25 of 2nd period - Deflect By Nikolaj Ehlers.
18:25 of 2nd period - Shot Misses the Net.
18:35 of 2nd period - Shot by Nikolaj Ehlers.
18:35 of 2nd period - Shot Misses the Net.
18:37 of 2nd period - Shot by Mikkel Boedker.
18:37 of 2nd period - Stopped by Ryan Miller without a rebound.
18:38 of 2nd period - Nikolaj Ehlers wins face-off versus Luke Glendening in Penguins zone.
18:43 of 2nd period - Shot by Vladimir Tarasenko.
18:43 of 2nd period - Deflect By Joe Thornton.
18:43 of 2nd period - Shot Misses the Net.
18:45 of 2nd period - Shot by Trevor van Riemsdyk.
18:45 of 2nd period - Stopped by Ryan Miller without a rebound.
18:46 of 2nd period - Joe Thornton wins face-off versus Ryan Callahan in Penguins zone.
18:47 of 2nd period - Shot by Nikolaj Ehlers.
18:47 of 2nd period - Shot Misses the Net.
19:09 of 2nd period - David Perron is hit by Jacob Trouba and loses puck.
19:16 of 2nd period - Victor Hedman is hit by Joe Thornton and loses puck.
19:36 of 2nd period - Victor Hedman is hit by Vladimir Tarasenko.
Goals for this period are 0 for Penguins vs 0 for Panthers.
Shots for this period are 6 for Penguins vs 14 for Panthers.

3rd period


0:01 of 3rd period - William Nylander wins face-off versus Matt Duchene in neutral zone.
0:16 of 3rd period - Shot by Jakub Voracek.
0:16 of 3rd period - Stopped by Marc-Andre Fleury with a rebound.
0:18 of 3rd period - Shot by Jakub Voracek.
0:18 of 3rd period - Shot Hit the Post.
1:19 of 3rd period - Nathan MacKinnon is hit by Jacob Trouba and loses puck.
1:28 of 3rd period - Shot by Nathan MacKinnon.
1:28 of 3rd period - Shot Blocked by Danny DeKeyser.
1:33 of 3rd period - Alexander Wennberg is hit by Jacob Trouba and loses puck.
1:36 of 3rd period - Shot by Mark Giordano.
1:36 of 3rd period - Shot Blocked by Danny DeKeyser.
1:47 of 3rd period - Oliver Bjorkstrand is hit by Danny DeKeyser and loses puck.
1:55 of 3rd period - Shot by Daniel Paille.
1:55 of 3rd period - Shot Misses the Net.
1:57 of 3rd period - Shot by Jacob De La Rose.
1:57 of 3rd period - Stopped by Marc-Andre Fleury with a rebound.
2:03 of 3rd period - Shot by Daniel Paille.
2:03 of 3rd period - Stopped by Marc-Andre Fleury without a rebound.
2:04 of 3rd period - Joe Thornton wins face-off versus Luke Glendening in Panthers zone.
2:33 of 3rd period - Off-side.
2:34 of 3rd period - William Nylander wins face-off versus Patrick Kane in neutral zone.
2:55 of 3rd period - Shot by William Nylander.
2:55 of 3rd period - Shot Blocked by T.J. Brodie.
3:07 of 3rd period - Icing by T.J. Brodie.
3:08 of 3rd period - Patrick Kane wins face-off versus Alexander Wennberg in Panthers zone.
3:53 of 3rd period - Shot by Alexander Wennberg.
3:53 of 3rd period - Shot Blocked by Danny DeKeyser.
4:06 of 3rd period - Nikolaj Ehlers is hit by Ryan Suter and loses puck.
4:08 of 3rd period - Minor Penalty to Vladimir Tarasenko for Delaying the game.
4:08 of 3rd period - Minor Penalty to Ryan Suter for Hooking.
4:09 of 3rd period - Nathan MacKinnon wins face-off versus Artem Anisimov in Penguins zone.
5:52 of 3rd period - Shot by Alex Tanguay.
5:52 of 3rd period - Shot Misses the Net.
5:54 of 3rd period - Shot by Jacob Trouba.
5:54 of 3rd period - Shot Misses the Net.
5:56 of 3rd period - Shot by Danny DeKeyser.
5:56 of 3rd period - Shot Blocked by Olli Maatta.
6:10 of 3rd period - Off-side.
6:11 of 3rd period - Patrick Kane wins face-off versus David Perron in neutral zone.
6:13 of 3rd period - Jesper Fast is hit by Victor Hedman and loses puck.
7:26 of 3rd period - Icing by Tyler Myers.
7:27 of 3rd period - William Nylander wins face-off versus Patrick Kane in Panthers zone.
8:54 of 3rd period - Shot by Phil Kessel.
8:54 of 3rd period - Deflect By Nathan MacKinnon.
8:54 of 3rd period - Shot Misses the Net.
8:56 of 3rd period - Shot by Victor Hedman.
8:56 of 3rd period - Stopped by Marc-Andre Fleury with a rebound.
8:58 of 3rd period - Shot by Ryan Suter.
8:58 of 3rd period - Stopped by Marc-Andre Fleury without a rebound.
8:59 of 3rd period - Joe Thornton wins face-off versus Luke Glendening in Panthers zone.
9:10 of 3rd period - Shot by Joe Thornton.
9:10 of 3rd period - Shot Blocked by David Savard.
9:14 of 3rd period - Shot by Alex Tanguay.
9:14 of 3rd period - Shot Misses the Net.
9:16 of 3rd period - Shot by Danny DeKeyser.
9:16 of 3rd period - Shot Blocked by Mark Giordano.
10:07 of 3rd period - Justin Braun is hit by Victor Hedman.
10:33 of 3rd period - Shot by Nathan MacKinnon.
10:33 of 3rd period - Shot Hit the Post.
10:52 of 3rd period - T.J. Brodie is hit by William Nylander and loses puck.
11:19 of 3rd period - Shot by William Nylander.
11:19 of 3rd period - Shot Blocked by Justin Braun.
11:21 of 3rd period - Shot by William Nylander.
11:21 of 3rd period - Stopped by Marc-Andre Fleury without a rebound.
11:22 of 3rd period - Jacob De La Rose wins face-off versus Joe Thornton in Panthers zone.
11:41 of 3rd period - Shot by Joe Thornton.
11:41 of 3rd period - Deflect By Vladimir Tarasenko.
11:41 of 3rd period - Shot Misses the Net.
12:05 of 3rd period - Shot by Vladimir Tarasenko.
12:05 of 3rd period - Stopped by Ryan Miller without a rebound.
12:06 of 3rd period - Patrick Kane wins face-off versus William Nylander in Penguins zone.
12:07 of 3rd period - Shot by Jesper Fast.
12:07 of 3rd period - Stopped by Ryan Miller without a rebound.
12:08 of 3rd period - William Nylander wins face-off versus Patrick Kane in Penguins zone.
12:19 of 3rd period - Ryan Suter is hit by Jesper Fast and loses puck.
13:03 of 3rd period - Icing by Brandon Saad.
13:04 of 3rd period - Alex Tanguay wins face-off versus Brandon Saad in Penguins zone.
13:31 of 3rd period - Shot by Vladimir Tarasenko.
13:31 of 3rd period - Shot Misses the Net.
13:56 of 3rd period - Icing by Jakub Voracek.
13:57 of 3rd period - William Nylander wins face-off versus Matt Duchene in Penguins zone.
14:08 of 3rd period - Ryan Suter is hit by Justin Braun and loses puck.
14:19 of 3rd period - Shot by Nikolaj Ehlers.
14:19 of 3rd period - Stopped by Ryan Miller without a rebound.
14:20 of 3rd period - Alexander Wennberg wins face-off versus Patrick Kane in Penguins zone.
14:41 of 3rd period - Shot by Reid Boucher.
14:41 of 3rd period - Shot Misses the Net.
17:04 of 3rd period - Shot by Phil Kessel.
17:04 of 3rd period - Shot Misses the Net.
17:06 of 3rd period - Shot by Alexander Wennberg.
17:06 of 3rd period - Stopped by Marc-Andre Fleury without a rebound.
17:07 of 3rd period - William Nylander wins face-off versus Patrick Kane in Panthers zone.
17:24 of 3rd period - Shot by Patrick Kane.
17:24 of 3rd period - Shot Misses the Net.
17:41 of 3rd period - Shot by Reid Boucher.
17:41 of 3rd period - Shot Misses the Net.
18:31 of 3rd period - Shot by Matt Duchene.
18:31 of 3rd period - Stopped by Ryan Miller without a rebound.
18:32 of 3rd period - Joe Thornton wins face-off versus Alexander Wennberg in Penguins zone.
18:54 of 3rd period - Shot by Nathan MacKinnon.
18:54 of 3rd period - Stopped by Marc-Andre Fleury without a rebound.
18:55 of 3rd period - Luke Glendening wins face-off versus Patrick Kane in Panthers zone.
19:34 of 3rd period - Icing by Tyler Myers.
19:35 of 3rd period - Luke Glendening wins face-off versus Patrick Kane in Panthers zone.
19:44 of 3rd period - Shot by Ryan Suter.
19:44 of 3rd period - Shot Blocked by Trevor van Riemsdyk.
19:46 of 3rd period - Shot by Victor Hedman.
19:46 of 3rd period - Deflect By Nathan MacKinnon.
19:46 of 3rd period - Shot Blocked by Tyler Myers.
19:48 of 3rd period - Shot by Luke Glendening.
19:48 of 3rd period - Shot Misses the Net.
19:50 of 3rd period - Shot by Ryan Suter.
19:50 of 3rd period - Shot Misses the Net.
Goals for this period are 0 for Penguins vs 0 for Panthers.
Shots for this period are 8 for Penguins vs 4 for Panthers.